 Dungeon Crawl Stone Soup version 0.25.0-9-g26727b657a (webtiles) character file.

Game seed: 17876751534078260745

3308 Delamore the Grappler (level 10, -2/61 HPs)
             Began as a Gargoyle Fighter on June 20, 2020.
             Was a Believer of Okawaru.
             Killed by divine providence
             ... invoked by an orc priest
              (16 damage)
             ... on level 7 of the Dungeon.
             The game lasted 00:08:01 (7162 turns).

Delamore the Grappler (Gargoyle Fighter)            Turns: 7162, Time: 00:08:02

Health: -2/61      AC: 20    Str: 24    XL:     10   Next: 1%
Magic:  20/20      EV:  8    Int: 10    God:    Okawaru [**....]
Gold:   440        SH:  0    Dex:  7    Spells: 9/9 levels left

rFire    . . .     SeeInvis .     - Unarmed
rCold    . . .     Gourm    .   n - +0 buckler
rNeg     + . .     Faith    .   t - +0 chain mail
rPois    ∞         Spirit   .   (no helmet)
rElec    +         Reflect  .   (no cloak)
rCorr    .         Harm     .   u - +0 pair of gloves
MR       .....                  x - +0 pair of boots
Stlth    ..........             (no amulet)
HPRegen  0.20/turn              C - ring of magical power
MPRegen  0.17/turn              (no ring)

@: confused, mighty
A: slimy green scales 1, clumsy 1, high mp 1, negative energy resistance 1,
sense surroundings 1, electricity resistance, strong 1, unbreathing,
petrification resistance, rot immunity, AC +7
a: Heroism, Renounce Religion


You were on level 7 of the Dungeon.
You worshipped Okawaru.
Okawaru was pleased with you.
You were not hungry.

You visited 2 branches of the dungeon, and saw 8 of its levels.

You collected 440 gold pieces.

Inventory:

Missiles
 B - 3 throwing nets (quivered)
Armour
 a - a +0 scale mail
 b - a +0 kite shield
 n - a +0 buckler (worn)
 t - a +0 chain mail (worn)
 u - a +0 pair of gloves (worn)
 x - a +0 pair of boots (worn)
Jewellery
 C - a ring of magical power (left hand)
Wands
 q - a wand of digging (2)
 w - a wand of disintegration (10)
 y - a wand of flame (17)
 A - a wand of clouds (5)
Scrolls
 e - 4 scrolls of remove curse
 g - 5 scrolls of identify
 h - a scroll of random uselessness {unknown}
 k - 2 scrolls of fog {unknown}
 m - 2 scrolls of amnesia {unknown}
 o - 4 scrolls of teleportation
 p - a scroll of noise {unknown}
 r - 2 scrolls of enchant armour {unknown}
 v - a scroll of magic mapping {unknown}
 z - a scroll of blinking {unknown}
Potions
 c - a potion of might
 f - 2 potions of flight
 i - 6 potions of haste
 j - 3 potions of curing
 l - a potion of magic
 s - 2 potions of brilliance
Comestibles
 d - 11 rations


   Skills:
 + Level 6.5 Fighting
 - Level 3.2 Armour
 + Level 6.1 Shields
 + Level 11.8 Unarmed Combat


You had 9 spell levels left.
You didn't know any spells.
Your spell library contained the following spells:

 Spells                   Type           Power        Failure   Level  Hunger
 Magic Dart               Conj           #...         95%         1    ##.....
 Summon Small Mammal      Summ           #...         95%         1    ##.....
 Blink                    Tloc           N/A          99%         2    ###....
 Call Imp                 Summ           #.......     99%         2    ###....
 Slow                     Hex            #.......     99%         2    ###....
 Call Canine Familiar     Summ           #.......     100%        3    ####...
 Conjure Flame            Conj/Fire      #.......     100%        3    ####...
 Mephitic Cloud           Conj/Pois/Air  #.......     100%        3    ####...
 Summon Guardian Golem    Hex/Summ       #.......     100%        3    ####...
 Summon Ice Beast         Ice/Summ       #.......     100%        4    #####..
 Summon Lightning Spire   Summ/Air       #.......     100%        4    #####..


Dungeon Overview and Level Annotations

Branches:
Dungeon (7/15)             Temple (1/1) D:5

Altars:
Ashenzari
Dithmenos
Elyvilon
Fedhas
Gozag
Hepliaklqana
Kikubaaqudgha
Makhleb
Nemelex Xobeh
Okawaru
Qazlal
Ru
Sif Muna
Uskayaw
Vehumet
Wu Jian
Xom
Yredelemnul
Zin
The Shining One


Innate Abilities, Weirdness & Mutations

You are resistant to torment.
Your stone body is resilient. (AC +7)
You are immune to poison.
You resist negative energy. (rN+)
You are resistant to electric shocks. (rElec)
You can survive without breathing.
You are immune to petrification.
You are immune to rotting.
You are partially covered in slimy green scales. (AC +2)
You are clumsy. (Dex -2)
You have an increased reservoir of magic. (+10% MP)
You passively map a small area around you.
Your muscles are strong. (Str +2)


Message History

You punch the sky beast!
The sky beast is moderately wounded.
You pummel the sky beast!!
You kill the sky beast!
Okawaru accepts your kill.
You have reached level 10!
You feel better.
The orc wizard points at you and mumbles some strange words.
You are confused. 2 orc priests come into view.
The orc priest shouts! x2
The orc priest moves out of view.
You're too confused to move!
The orc closely misses you. The orc wizard casts a spell at you.
You easily resist.
You're too confused!
The orc priest invokes the aid of Beogh against you.
Beogh smites you!
You die...

* #....# .# .# , ,,
#....# .#..# *
#....##.#..##
#.#.#...........#
................. ,
#.### #.#.#........
, #.#..
#.#.#o.....#, , ,,
#.#.###.#.%........
, *
#.#.##..@ooo.#####.
,
.#####.#.##.......##
...................#
,
##........!.......#
#$.............#.#
#....%.).......#..#
, ,
###.####.......#*.#
#.# #.......# #.#
#########


You could see 2 orc priests, an orc wizard and an orc.

Vanquished Creatures
  Harold (D:7)
  Maggie (D:7)
  A troll (D:7)
  Grinder (D:5)
  Sigmund (D:2)
  A hungry ghost (D:7)
  2 sky beasts
  2 phantoms (D:7)
  An ogre (D:4)
  4 centaurs
  A bullfrog (D:4)
  3 orc priests
  4 hounds
  A jelly (D:6)
  Jessica (D:2)
  3 iguanas (D:5)
  5 orc wizards
  4 worker ants
  A hound zombie (D:7)
  10 adders
  3 gnolls (D:4)
  2 worms (D:2)
  2 dart slugs
  6 leopard geckos
  24 orcs
  8 giant cockroaches
  5 hobgoblins
  3 jackals (D:1)
  5 quokkas
  2 ball pythons
  A ball python skeleton (D:5)
  9 bats
  10 frilled lizards
  5 goblins
  6 kobolds
  6 rats
145 creatures vanquished.

Notes
Turn   | Place    | Note
-------+----------+-------------------------------------------
     0 | D:1      | Delamore the Gargoyle Fighter began the quest for the Orb.
     0 | D:1      | Reached XP level 1. HP: 14/14 MP: 1/1
   118 | D:1      | Reached XP level 2. HP: 18/19 MP: 2/2
   486 | D:1      | Reached skill level 3 in Unarmed Combat
   891 | D:2      | Noticed Jessica
   892 | D:2      | Reached XP level 3. HP: 23/23 MP: 3/3
   907 | D:2      | Killed Jessica
  1065 | D:2      | Reached XP level 4. HP: 29/29 MP: 4/4
  1371 | D:2      | Reached skill level 4 in Unarmed Combat
  1695 | D:2      | Noticed Sigmund
  1745 | D:2      | Killed Sigmund
  1745 | D:2      | Reached skill level 5 in Unarmed Combat
  1745 | D:2      | Reached XP level 5. HP: 7/33 MP: 5/5
  1745 | D:2      | Reached XP level 6. HP: 8/38 MP: 6/6
  2170 | D:3      | Reached skill level 6 in Unarmed Combat
  2305 | D:3      | Found a stormy altar of Qazlal.
  2876 | D:3      | Reached XP level 7. HP: 38/43 MP: 7/7
  2929 | D:3      | Reached skill level 7 in Unarmed Combat
  3447 | D:3      | Gained mutation: Your large and strong wings let you fly
                  | indefinitely. [potion of mutation]
  3447 | D:3      | Gained mutation: You have an increased reservoir of magic.
                  | (+10% MP) [potion of mutation]
  3447 | D:3      | Gained mutation: You are partially covered in slimy green
                  | scales. (AC +2) [potion of mutation]
  3447 | D:3      | Gained mutation: Your flesh is heat resistant. (rF+)
                  | [potion of mutation]
  3462 | D:4      | Found a shimmering blue altar of Sif Muna.
  3762 | D:4      | Reached skill level 8 in Unarmed Combat
  3838 | D:4      | Found a burning altar of Makhleb.
  4404 | D:5      | Entered Level 5 of the Dungeon
  4404 | D:5      | Found a shadowy altar of Dithmenos.
  4443 | D:4      | Reached XP level 8. HP: 15/48 MP: 8/8
  4652 | D:4      | Reached skill level 9 in Unarmed Combat
  4791 | D:5      | Found a shattered altar of Ashenzari.
  4843 | D:5      | Lost mutation: You have an increased reservoir of magic.
                  | (+10% MP) [potion of mutation]
  4843 | D:5      | Gained mutation: You have an increased reservoir of magic.
                  | (+10% MP) [potion of mutation]
  4843 | D:5      | Gained mutation: You have a pair of small horns on your
                  | head. [potion of mutation]
  4843 | D:5      | Gained mutation: You passively map a small area around you.
                  | [potion of mutation]
  4843 | D:5      | Gained mutation: You are agile. (Dex +2) [potion of
                  | mutation]
  5002 | D:5      | Noticed Grinder
  5009 | D:5      | Paralysed by Grinder for 3 turns
  5020 | D:5      | Paralysed by Grinder for 4 turns
  5027 | D:5      | Killed Grinder
  5027 | D:5      | Reached skill level 10 in Unarmed Combat
  5038 | D:5      | Lost mutation: You are agile. (Dex +2) [potion of mutation]
  5038 | D:5      | Lost mutation: Your flesh is heat resistant. (rF+) [potion
                  | of mutation]
  5038 | D:5      | Lost mutation: You have a pair of small horns on your head.
                  | [potion of mutation]
  5038 | D:5      | Gained mutation: Armour fits poorly on your strangely
                  | shaped body. [potion of mutation]
  5038 | D:5      | Gained mutation: Your skin changes colour to match your
                  | surroundings (Stealth+). [potion of mutation]
  5039 | D:5      | Lost mutation: Armour fits poorly on your strangely shaped
                  | body. [potion of mutation]
  5039 | D:5      | Lost mutation: Your large and strong wings let you fly
                  | indefinitely. [potion of mutation]
  5039 | D:5      | Lost mutation: Your skin changes colour to match your
                  | surroundings (Stealth+). [potion of mutation]
  5039 | D:5      | Gained mutation: You are weak. (Str -2) [potion of
                  | mutation]
  5039 | D:5      | Gained mutation: You are clumsy. (Dex -2) [potion of
                  | mutation]
  5039 | D:5      | Lost mutation: You are weak. (Str -2) [potion of mutation]
  5039 | D:5      | Gained mutation: Your muscles are strong. (Str +2) [potion
                  | of mutation]
  5089 | D:5      | Found a sacrificial altar of Ru.
  5119 | D:5      | Found a staircase to the Ecumenical Temple.
  5124 | Temple   | Entered the Ecumenical Temple
  5258 | Temple   | Became a worshipper of Warmaster Okawaru
  5906 | D:6      | Found a basalt altar of Yredelemnul.
  6789 | D:7      | Reached skill level 11 in Unarmed Combat
  6789 | D:7      | Reached XP level 9. HP: 52/52 MP: 9/9
  6899 | D:7      | Noticed a troll
  6912 | D:7      | Killed a troll
  7068 | D:7      | Reached * piety under Okawaru
  7090 | D:7      | Noticed Harold
  7103 | D:7      | Killed Harold
  7103 | D:7      | Reached skill level 5 in Shields
  7130 | D:7      | Noticed Maggie
  7150 | D:7      | Killed Maggie
  7150 | D:7      | Reached ** piety under Okawaru
  7155 | D:7      | Reached XP level 10. HP: 6/61 MP: 11/11
  7162 | D:7      | Killed from afar by an orc priest

Illustrated notes

Levels and vault maps discovered:
D:1:      grunt_arrival_crossed_arrows, layout_loops_corners
D:2:      layout_loops_cross, uniq_jessica, uniq_sigmund
D:3:      layout_rooms, nicolae_qazlal_general_emergency
D:4:      layout_loops_ring, nicolae_overflow_crystal_walls,
          eino_small_chamber_without_monster, makhleb_heckhound_becter
D:5:      layout_loops_ring, ashenzari_altar_1, lemuel_round_altar,
          minmay_temple_entry_arrows, first_ration,
          nicolae_dithmenos_shadow_blocks, uniq_grinder
D:6:      layout_basic, kennysheep_mini_moat
D:7:      layout_basic, slow_altar_1, uniq_maggie, uniq_duvessa, uniq_harold
Temple:   regret_index_temple_waves

Skill      XL: |  1  2  3  4  5  6  7  8  9 |
---------------+----------------------------+-----
Unarmed Combat | 3 5 6 8 11 | 11.8
Fighting       | 4 6 |  6.5
Shields        | 6 |  6.1
Armour         | |  3.2

Action                   |  1- 3 |  4- 6 |  7- 9 | 10-12 || total
-------------------------+-------+-------+-------+-------++-------
Melee: Unarmed           |   119 |   201 |   394 |       ||   714
       Headbutt          |       |       |     8 |       ||     8
  Use: Potion            |       |     1 |     6 |     1 ||     8
       Scroll            |       |       |     6 |       ||     6
  Eat: Chunk             |     1 |     6 |    11 |       ||    18
       Ration            |       |       |     2 |       ||     2
Armor: Scale mail        |    46 |   121 |    30 |       ||   197
       Chain mail        |       |       |   209 |       ||   209
Dodge: Dodged            |    27 |   120 |   136 |     1 ||   284
Block: Kite shield       |    63 |     2 |       |       ||    65
       Buckler           |       |    45 |    60 |       ||   105
